 Dungeon Sprint DCSS version 0.20-a0-259-gc929cd2 (webtiles) character file.

158 Dfrag the Protected (level 7, 0/75 HPs)
             Began as a Deep Dwarf Fighter on Dec 2, 2016.
             Was a High Priest of Makhleb.
             Slain by a six-headed hydra (7 damage)
             ... in the Dungeon (Sprint VI: "Thunderdome").
             The game lasted 00:03:37 (796 turns).

Dfrag the Protected (Deep Dwarf Fighter)             Turns: 796, Time: 00:03:38

Health: 0/75       AC:  8    Str: 28    XL:     7   Next: 98%
Magic:  7/7        EV:  9    Int: 13    God:    Makhleb [*****.]
Gold:   170        SH:  0    Dex: 14    Spells: 6/6 levels left

rFire  . . .     SeeInvis .     a - +0 war axe
rCold  + + .     Gourm    .     b - +0 scale mail
rNeg   . . .     Faith    +     c - +0 shield
rPois  .         Spirit   .     (no helmet)
rElec  .         Reflect  .     (no cloak)
rCorr  .         Harm     .     (no gloves)
MR     +++++     NoTele   +     (no boots)
Stlth  ..........               q - amulet "Joth" {Faith MR+}
                                v - ring of Woleuz {+Fly Str+4 Int+4}
                                r - ring "Gihud" {Wiz rC+ MR+}

@: confused, mighty, very slightly contaminated, non-regenerating, hasted,
drained, very quick
A: damage resistance, recharge devices, hooves 1, cold resistance 1, magic
resistance 2, sense surroundings 1, slow regeneration 3
a: Device Recharging, Minor Destruction, Lesser Servant of Makhleb, Major
Destruction, Greater Servant of Makhleb, Renounce Religion, Evoke Flight


You were in the Dungeon.
You worshipped Makhleb.
Makhleb was extremely pleased with you.
You were not hungry.

You visited 1 branch You collected 440 gold pieces.
You spent 270 gold pieces at shops.

Inventory:

Hand Weapons
 a - a +0 war axe (weapon)
Armour
 b - a +0 scale mail (worn)
 c - a +0 shield (worn)
Jewellery
 q - the amulet "Joth" (around neck) {Faith MR+}
   (You bought it in a shop in the Dungeon)

   [amulet of faith]

   It allows you to gain divine favour quickly.
   It affects your resistance to hostile enchantments.
 r - the ring "Gihud" (left hand) {Wiz rC+ MR+}
   (You bought it in a shop in the Dungeon)

   [ring of wizardry]

   It improves your spell success rate.
   It protects you from cold.
   It affects your resistance to hostile enchantments.
 s - the ring of Reimbursement {rPois Stlth-}
   (You bought it in a shop in the Dungeon)

   [ring of loudness]

   It protects you from poison.
   It makes you less stealthy.
 t - the amulet "Epant" {Harm *Drain rC+}
   (You bought it in a shop in the Dungeon)

   [amulet of harm]

   It increases damage dealt and taken.
   It protects you from cold.
   It causes draining when unequipped.
 u - the amulet "Koit" {Harm *Drain rElec MR+}
   (You bought it in a shop in the Dungeon)

   [amulet of harm]

   It increases damage dealt and taken.
   It insulates you from electricity.
   It affects your resistance to hostile enchantments.
   It causes draining when unequipped.
 v - a ring of Woleuz (right hand) {+Fly Str+4 Int+4}
   (You bought it in a shop in the Dungeon)

   [ring of flight]

   It affects your strength (+4).
   It affects your intelligence (+4).
   It lets you fly.
Wands
 e - a wand of heal wounds (3/9)
 m - a wand of acid (5/15)
 n - a wand of iceblast (5/15)
Scrolls
 l - 4 scrolls of blinking
 o - 3 scrolls of fog
Potions
 h - 4 potions of heal wounds
 i - 3 potions of haste
 j - 2 potions of magic
 p - a potion of resistance
Comestibles
 f - a bread ration


   Skills:
 + Level 8.5(8.0) Fighting
 + Level 9.7(9.2) Axes
 + Level 10.1(9.6) Armour
 + Level 10.1(9.6) Shields


You had 6 spell levels left.
You didn't know any spells.

Dungeon Overview and Level Annotations

Branches:
Dungeon (1/1)

Altars:
Cheibriados
Dithmenos
Fedhas
Gozag
Kikubaaqudgha
Makhleb
Okawaru
Qazlal
Ru
Sif Muna
Trog
Uskayaw
Vehumet
Xom
Yredelemnul
Zin
The Shining One
Beogh
Jiyva
Lugonu

Shops:
D *[%??*?*:[((!!!!


Innate Abilities, Weirdness & Mutations

You are resistant to damage.
You can recharge devices by infusing magical energy.
You passively map a small area around you.
You do not regenerate.
You have large cloven feet.
Your flesh is cold resistant. (rC+)
You are highly resistant to hostile enchantments. (MR++)


Message History

The six-headed hydra bites you.
* * * LOW HITPOINT WARNING * * *
The six-headed hydra bites you but does no damage.
Unknown command.
You are engulfed in noxious fumes.
Something hits the six-headed hydra.
There is a staircase leading out of the dungeon here.
Unknown command.
You're too confused to move!
You are engulfed in noxious fumes.
You choke on the stench!
You are more confused.
Unknown command.
A swamp drake comes into view.
Unknown command.
You bump into the rock wall.
The six-headed hydra bites you but does no damage.
The six-headed hydra bites you!
* * * LOW HITPOINT WARNING * * *
The six-headed hydra bites you but does no damage.
The six-headed hydra bites you!
You die...

#........_# ###.........###
#⌠...........⌠#
######.8..[......8.######
##∩___......###......___∩##
###∩........8.# #.8........∩###
#.............###.............#
⌠..........###...###..........⌠
⌠..........# #.D@# #..........⌠
⌠..........###.§.###..........⌠
#.............###...k.........#
###∩...(....8{# #.8........∩###
##∩__.(.....###......___∩##
######.8.........8.######
#⌠...........⌠# ###.........###
#_......._#


You could see a six-headed hydra.

Vanquished Creatures
  A steam dragon (D)
  A vampire mosquito (D)
  5 sky beasts (D)
  A centaur (D)
  2 scorpions (D)
  3 jellies (D)
  A shadow imp (D)
  3 oozes (D)
  2 worms (D)
  A giant cockroach (D)
  A giant cockroach zombie (D)
  A leopard gecko skeleton (D)
22 creatures vanquished.

Notes
Turn   | Place    | Note
-------+----------+-------------------------------------------
     0 | D        | Dfrag the Deep Dwarf Fighter began the quest for the Orb.
     0 | D        | Reached XP level 1. HP: 20/20 MP: 1/1
     1 | D        | Found a hide-covered altar of Uskayaw.
     2 | D        | Found a snail-covered altar of Cheibriados.
     2 | D        | Found a sacrificial altar of Ru.
     3 | D        | Found an iron altar of Okawaru.
     3 | D        | Found a bloodstained altar of Trog.
     4 | D        | Found Naoll's Bee Food.
     4 | D        | Found an ancient bone altar of Kikubaaqudgha.
     4 | D        | Found Gamanir's Identification Station.
     5 | D        | Found Zoxioq's Jewellery.
     5 | D        | Found Jimn's Advanced Armour.
     5 | D        | Round 1.
    13 | D        | Bought a faintly glowing pewter amulet for 45 gold pieces
    13 | D        | Bought a pitted granite ring for 45 gold pieces
    13 | D        | Bought a transparent bronze ring for 45 gold pieces
    13 | D        | Identified the amulet "Joth" {Faith MR+} (You bought it in a shop in the Dungeon)
    14 | D        | Identified the ring "Gihud" {Wiz rC+ MR+} (You bought it in a shop in the Dungeon)
    15 | D        | Identified the ring of Reimbursement {rPois Stlth-} (You bought it in a shop in the Dungeon)
    16 | D        | Bought a clouded pewter amulet for 45 gold pieces
    17 | D        | Identified the amulet "Epant" {Harm *Drain rC+} (You bought it in a shop in the Dungeon)
    21 | D        | Found a burning altar of Makhleb.
    23 | D        | Found a shimmering altar of Xom.
    24 | D        | Found Biurasenet's Premium Goods.
    25 | D        | Found Nefumaes's Miscellaneous Merchandise.
    25 | D        | Found Gox Teewk's Basic Armour.
    29 | D        | Became a worshipper of Makhleb the Destroyer
    43 | D        | Found Wurie's Weapon Rack.
    43 | D        | Found a stormy altar of Qazlal.
    43 | D        | Found a basalt altar of Yredelemnul.
    43 | D        | Found an opulent altar of Gozag.
    48 | D        | Found a shadowy altar of Dithmenos.
   103 | D        | Found a corrupted altar of Lugonu.
   104 | D        | Found a radiant altar of Vehumet.
   125 | D        | Reached * piety under Makhleb
   125 | D        | Reached XP level 2. HP: 5/28 MP: 2/2
   129 | D        | Noticed a scorpion
   140 | D        | Noticed a scorpion
   146 | D        | Killed a scorpion
   146 | D        | Reached skill level 5 in Armour
   146 | D        | Reached skill level 5 in Shields
   146 | D        | Reached XP level 3. HP: 35/36 MP: 3/3
   149 | D        | Killed a scorpion
   149 | D        | Arena points: 12 (+12) [x2]
   149 | D        | Reached skill level 5 in Axes
   149 | D        | Reached XP level 4. HP: 41/45 MP: 4/4
   175 | D        | Round 2.
   219 | D        | Reached ** piety under Makhleb
   219 | D        | Reached skill level 5 in Fighting
   231 | D        | Reached XP level 5. HP: 22/52 MP: 5/5
   234 | D        | Found a glowing golden altar of the Shining One.
   236 | D        | Found Teaz's Magic Scroll Shop.
   237 | D        | Found a glowing silver altar of Zin.
   237 | D        | Found a roughly hewn altar of Beogh.
   237 | D        | Found Ikistum's Staff Store.
   238 | D        | Found Noita's Magic Scroll Shop.
   238 | D        | Found Icucvezani's Must-Have Magic.
   248 | D        | Found a viscous altar of Jiyva.
   249 | D        | Found a blossoming altar of Fedhas.
   250 | D        | Found a deep blue altar of Sif Muna.
   251 | D        | Found Domae's Distillery.
   252 | D        | Found Lusuc's Distillery.
   252 | D        | Found Hiadoo's Bottled Wisdom.
   253 | D        | Found Amupne's Do-It-Yourself Clinic.
   294 | D        | Reached *** piety under Makhleb
   297 | D        | Arena points: 54 (+42) [x3]
   374 | D        | Round 3.
   381 | D        | Noticed a sky beast
   394 | D        | Killed a sky beast
   394 | D        | Reached XP level 6. HP: 27/63 MP: 6/6
   402 | D        | Noticed a sky beast
   416 | D        | Killed a sky beast
   428 | D        | Noticed a sky beast
   432 | D        | Killed a sky beast
   432 | D        | Reached **** piety under Makhleb
   437 | D        | Gained mutation: You have large cloven feet. [mutagenic meat]
   438 | D        | Gained mutation: You are resistant to hostile enchantments. (MR+) [mutagenic meat]
   439 | D        | Gained mutation: Your flesh is cold resistant. (rC+) [mutagenic meat]
   440 | D        | Gained mutation: You are highly resistant to hostile enchantments. (MR++) [mutagenic meat]
   450 | D        | Noticed a steam dragon
   460 | D        | Killed a steam dragon
   460 | D        | Reached XP level 7. HP: 18/73 MP: 7/7
   495 | D        | Arena points: 138 (+84) [x4]
   509 | D        | Bought an ancient amethyst amulet for 45 gold pieces
   509 | D        | Bought a warped tin ring for 45 gold pieces
   510 | D        | Identified the amulet "Koit" {Harm *Drain rElec MR+} (You bought it in a shop in the Dungeon)
   514 | D        | Identified a ring of Woleuz {+Fly Str+4 Int+4} (You bought it in a shop in the Dungeon)
   533 | D        | Round 4.
   559 | D        | Reached ***** piety under Makhleb
   702 | D        | Noticed Psyche
   704 | D        | Noticed Maurice
   708 | D        | Arena points: 158 (+20) [x1]
   723 | D        | Round 5.
   729 | D        | Noticed a witch
   765 | D        | Noticed a four-headed hydra
   777 | D        | Noticed a vampire mosquito
   778 | D        | Noticed a six-headed hydra
   782 | D        | Killed a vampire mosquito
   782 | D        | Reached skill level 10 in Armour
   782 | D        | Reached skill level 10 in Shields
   796 | D        | Slain by a six-headed hydra

Vault maps used:
D:        arena_sprint

Skill      XL: |  1  2  3  4  5  6  7 |
---------------+----------------------+-----
Fighting       | 3 4 5 6 7 8 |  8.5
Axes           | 3 4 5 7 8 9 |  9.7
Armour         | 5 6 7 9 10 | 10.1
Shields        | 5 6 7 9 10 | 10.1

Action                   |  1- 3 |  4- 6 |  7- 9 || total
-------------------------+-------+-------+-------++-------
Melee: War axe           |    33 |    43 |    60 ||   136
       Kick              |       |       |    20 ||    20
Evoke: Wand              |     1 |       |     1 ||     2
  Use: Potion            |     1 |       |     3 ||     4
  Eat: Chunk             |       |     5 |       ||     5
Armor: Scale mail        |     6 |    19 |    30 ||    55
Dodge: Dodged            |     3 |     5 |    11 ||    19
Block: Shield            |    18 |    14 |    14 ||    46
